 Dungeon Crawl Stone Soup version 0.20.1-1-g8b1a95d (webtiles) character file.

3790 Inchmeat the Geomancer (level 9, -1/68 HPs)
             Began as a Deep Dwarf Earth Elementalist on Nov 3, 2017.
             Was a Believer of Elyvilon.
             Slain by a two-headed ogre
             ... wielding a +0 dire flail
              (11 damage)
             ... on level 4 of the Dungeon.
             The game lasted 00:35:46 (12229 turns).

Inchmeat the Geomancer (DDEE)                      Turns: 12229, Time: 00:35:47

Health: -1/68      AC: 13    Str: 17    XL:     9   Next: 95%
Magic:  13/13      EV: 11    Int: 18    God:    Elyvilon [**....]
Gold:   189        SH:  0    Dex: 13    Spells: 3/18 levels left

rFire    . . .     SeeInvis .   h - +1 spear (pierce)
rCold    + . .     Gourm    .   (no shield)
rNeg     . . .     Faith    .   H - +4 ring mail {rC+}
rPois    +         Spirit   .   r - +0 helmet
rElec    +         Reflect  .   y - +1 cloak {rPois}
rCorr    .         Harm     .   (no gloves)
MR       +....                  l - +0 pair of boots
Stlth    +.........             (no amulet)
Regen    0.0/turn               j - +4 ring of strength
MPRegen  0.2/turn               (no ring)

@: non-regenerating
A: damage resistance, heal wounds, mutation resistance 1, sense surroundings 2,
electricity resistance, no regeneration
a: Heal Wounds, Lesser Healing, Heal Other, Divine Protection, Renounce Religion


You were on level 4 of the Dungeon.
You worshipped Elyvilon.
Elyvilon was pleased with you.
You were not hungry.

You visited 2 branches of the dungeon, and saw 9 of its levels.

You collected 389 gold pieces.
You spent 200 gold pieces at shops.

Inventory:

Hand Weapons
 h - a +1 spear of piercing (weapon)
 J - the +4 rapier "Gubesasch" {flame, +Blink rC+ rN+ Int-3}
   (You found it on level 7 of the Dungeon)

   It has been specially enchanted to burn those struck by it, causing extra
   injury to most foes and up to half again as much damage against particularly
   susceptible opponents.
   It affects your intelligence (-3).
   It protects you from cold.
   It protects you from negative energy.
   It lets you blink.
 K - a +2 vampiric morningstar
Missiles
 a - 13 stones (quivered)
Armour
 l - a +0 pair of boots (worn)
 r - a +0 helmet (worn)
 x - a +2 leather armour of fire resistance
 y - a +1 cloak of poison resistance (worn)
 H - a +4 ring mail of cold resistance (worn)
Jewellery
 j - a +4 ring of strength (left hand)
Wands
 G - a wand of iceblast (6/15)
Scrolls
 f - a scroll of noise {unknown}
 m - 3 scrolls of remove curse
 o - 3 scrolls of magic mapping {unknown}
 p - a scroll of enchant armour {unknown}
 q - 6 scrolls of teleportation {unknown}
 u - 2 scrolls of amnesia {unknown}
 v - 3 scrolls of fear {unknown}
 D - 2 scrolls of holy word {unknown}
 E - a scroll of immolation {unknown}
Potions
 b - a potion of ambrosia
 e - a potion of berserk rage
 i - a potion of resistance
 k - 2 potions of mutation
 n - 2 potions of curing
 s - a potion of flight
 C - 2 potions of lignification
Books
 t - a Fen Folio

   Spells                             Type                      Level
   a - Corpse Rot                     Necromancy                   2
   b - Stone Arrow                    Conjuration/Earth            3
   c - Leda's Liquefaction            Hexes/Earth                  4
   d - Summon Forest                  Summoning/Translocation      5
   e - Hydra Form                     Transmutation                6
   f - Summon Hydra                   Summoning                    7
 w - a book of Debilitation

   Spells                             Type                      Level
   a - Corona                         Hexes                        1
   b - Slow                           Hexes                        2
   c - Inner Flame                    Hexes/Fire                   3
   d - Portal Projectile              Hexes/Translocation          3
   e - Cause Fear                     Hexes                        4
   f - Leda's Liquefaction            Hexes/Earth                  4
 z - a book of Transfigurations

   Spells                             Type                      Level
   a - Irradiate                      Conjuration/Transmutation    5
   b - Statue Form                    Transmutation/Earth          6
   c - Hydra Form                     Transmutation                6
   d - Dragon Form                    Transmutation                7
 I - a book of Minor Magic

   Spells                             Type                      Level
   a - Magic Dart                     Conjuration                  1
   b - Blink                          Translocation                2
   c - Call Imp                       Summoning                    2
   d - Slow                           Hexes                        2
   e - Conjure Flame                  Conjuration/Fire             3
   f - Mephitic Cloud                 Conjuration/Poison/Air       3
Miscellaneous
 c - a crystal ball of energy
Comestibles
 d - 6 bread rations
 g - 5 meat rations
 A - 9 fruits
 B - 2 royal jellies


   Skills:
 - Level 2.1 Dodging
 - Level 2.4 Stealth
 - Level 5.1 Spellcasting
 - Level 0.8 Transmutations
 - Level 13.1 Earth Magic
 * Level 9.6 Invocations
 - Level 5.0 Evocations


You had 3 spell levels left.
You knew the following spells:

 Your Spells              Type           Power        Failure   Level  Hunger
a - Sandblast             Erth           ######       1%          1    None
b - Stone Arrow           Conj/Erth      ####..       4%          3    ##.....
c - Lee's Rapid Deconstr  Erth           ######....   3%          5    ######.
d - Petrify               Tmut/Erth      ####....     14%         4    ####...
e - Passwall              Tmut/Erth      ####......   1%          2    #......


Dungeon Overview and Level Annotations

Branches:
Dungeon (8/15)             Temple (1/1) D:4
   Lair: D:8-11

Altars:
Ashenzari
Cheibriados
Dithmenos
Elyvilon
Fedhas
Gozag
Hepliaklqana
Kikubaaqudgha
Nemelex Xobeh
Okawaru
Qazlal
Ru
Sif Muna
Trog
Uskayaw
Vehumet
Xom
Yredelemnul
Zin
The Shining One

Shops:
D:6 }   D:7 *   D:8 %

Annotations:
D:3 Grinder
D:4 Dowan


Innate Abilities, Weirdness & Mutations

You are resistant to damage.
You can heal yourself by infusing magical energy.
You passively map the area around you.
You do not regenerate.
You are somewhat resistant to further mutation.
You are resistant to electric shocks. (rElec)


Message History

The two-headed ogre hits you with a dire flail!
* * * LOW HITPOINT WARNING * * *
The two-headed ogre barely misses you.
You climb upwards.
Level annotation: Dowan
There is a stone staircase leading down here.
There is a stone staircase leading up here.
There is a stone staircase leading down here.
The two-headed ogre hits you with a dire flail!
* * * LOW HITPOINT WARNING * * *
The two-headed ogre barely misses you.
There is a stone staircase leading up here.
There is a stone staircase leading down here.
Okay, then.
There is a stone staircase leading up here.
You fail to use your ability.
The two-headed ogre hits you with a dire flail.
* * * LOW HITPOINT WARNING * * *
The two-headed ogre hits you with a giant club!
You die...

########### ##############
##.........#
#............#####.#.######.#
#.#####.###..O..<.###.......# #.#
##.#.##.@#####.#.####....
####.###.###.#..######.#####...#
#.....#.## ##..................#
#.##.....###........##.#####.#.#
#.##.##.#...###>###.##.#####...#
#.[######....##.##...#....###..#
#..##≈P♣##'####.##...#.........#
##..+†♣♣#♣≈≈♣##.......##.#.###.##
#...#≈♣#♣≈♣♣≈#..###..###.#.# #.#


You could see a two-headed ogre.

Vanquished Creatures
  Pikel (D:4)
  Joseph (D:8)
  A hungry ghost (D:7)
  A soldier ant (D:7)
  2 water moccasins
  2 sky beasts
  An orc warrior (D:8)
  2 ice beasts (D:6)
  2 phantoms (D:7)
  3 centaurs
  2 ogres (D:7)
  4 bullfrogs
  2 scorpions (D:5)
  A howler monkey (D:4)
  5 crimson imps
  3 bullfrog zombies (D:7)
  4 hounds
  Crazy Yiuf (D:6)
  A bullfrog skeleton (D:6)
  A centaur skeleton (D:6)
  2 iguanas
  Ijyb (D:5)
  3 orc wizards
  3 worker ants
  2 hound skeletons (D:6)
  A hound zombie (D:7)
  Robin (D:2)
  8 gnolls
  A howler monkey skeleton (D:4)
  7 adders
  3 shadow imps
  6 oozes
  An adder skeleton (D:6)
  5 worms
  2 dart slugs
  3 leopard geckos
  15 orcs
  2 ball pythons (D:4)
  10 bats
  2 giant cockroaches
  15 goblins
  10 hobgoblins
  14 jackals
  5 quokkas
  5 frilled lizards
  8 kobolds
  A leopard gecko skeleton (D:5)
  A quokka skeleton (D:6)
  5 rats
182 creatures vanquished.

Vanquished Creatures (others)
  2 slaves (D:5)
  A centaur (D:5)
  A hound (D:5)
  A quasit (D:5)
  An orc (D:5)
  A plant (D:4)
7 creatures vanquished.

Grand Total: 189 creatures vanquished

Notes
Turn   | Place    | Note
-------+----------+-------------------------------------------
     0 | D:1      | Inchmeat the Deep Dwarf Earth Elementalist began the quest for the Orb.
     0 | D:1      | Reached XP level 1. HP: 15/15 MP: 3/3
   265 | D:1      | Reached XP level 2. HP: 22/22 MP: 0/4
   345 | D:1      | Reached skill level 5 in Earth Magic
  1281 | D:1      | Reached XP level 3. HP: 20/28 MP: 2/5
  1577 | D:1      | Learned a level 3 spell: Stone Arrow
  1751 | D:2      | Found a hazy altar of Hepliaklqana.
  2015 | D:2      | Reached skill level 6 in Earth Magic
  2616 | D:2      | Found a faded altar of an unknown god.
  2836 | D:3      | Reached XP level 4. HP: 23/36 MP: 0/6
  3100 | D:3      | Noticed Robin
  3712 | D:2      | Killed Robin
  3712 | D:2      | Reached skill level 7 in Earth Magic
  4712 | D:3      | Noticed Grinder
  4771 | D:2      | Reached XP level 5. HP: 14/42 MP: 4/7
  4845 | D:3      | Reached skill level 8 in Earth Magic
  5105 | D:4      | Noticed Dowan
  5131 | D:4      | Found a staircase to the Ecumenical Temple.
  5147 | Temple   | Entered the Ecumenical Temple
  5358 | Temple   | Became a worshipper of Elyvilon the Healer
  5442 | D:4      | Found a hide-covered altar of Uskayaw.
  5443 | D:4      | Found a glowing golden altar of the Shining One.
  5587 | D:4      | Reached XP level 6. HP: 34/49 MP: 4/7
  5763 | D:4      | Reached skill level 9 in Earth Magic
  6304 | D:5      | Entered Level 5 of the Dungeon
  6304 | D:5      | Noticed Pikel
  6304 | D:5      | Noticed a slave
  6304 | D:5      | Noticed a slave
  6304 | D:5      | Noticed a slave
  6304 | D:5      | Noticed a slave
  6469 | D:5      | Learned a level 5 spell: Lee's Rapid Deconstruction
  6475 | D:5      | Reached skill level 10 in Earth Magic
  6612 | D:5      | Noticed Ijyb
  6624 | D:5      | Reached XP level 7. HP: 28/55 MP: 1/9
  6730 | D:5      | Killed Ijyb
  7106 | D:5      | Reached * piety under Elyvilon
  7207 | D:4      | Killed Pikel
  7207 | D:4      | Reached skill level 11 in Earth Magic
  7207 | D:4      | Reached XP level 8. HP: 26/62 MP: 0/13
  7411 | D:5      | Noticed a two-headed ogre
  7722 | D:6      | Reached skill level 5 in Spellcasting
  7722 | D:6      | Reached skill level 12 in Earth Magic
  7946 | D:6      | Learned a level 4 spell: Petrify
  7949 | D:6      | Learned a level 2 spell: Passwall
  8030 | D:6      | Found a bloodstained altar of Trog.
  8033 | D:6      | Reached skill level 1 in Invocations
  8038 | D:6      | Gained mutation: You are resistant to electric shocks. (rElec) [potion of mutation]
  8038 | D:6      | Gained mutation: You are somewhat resistant to further mutation. [potion of mutation]
  8689 | D:6      | Found a runed door.
  8725 | D:6      | Reached skill level 13 in Earth Magic
  8812 | D:6      | Found Udadd's Gadget Boutique.
  8815 | D:6      | Bought a crystal ball of energy for 200 gold pieces
  8834 | D:6      | Gained mutation: You passively map the area around you. [Deep Dwarf growth]
  8834 | D:6      | Reached XP level 9. HP: 45/68 MP: 8/15
  8890 | D:6      | Noticed Crazy Yiuf
  8892 | D:6      | Killed Crazy Yiuf
  8957 | D:7      | Reached skill level 1 in Evocations
  9487 | D:7      | Reached ** piety under Elyvilon
  9594 | D:7      | Found a runed door.
 10075 | D:7      | Reached skill level 5 in Invocations
 10255 | D:7      | Reached skill level 5 in Evocations
 10271 | D:7      | Found Ytsoa's Assorted Antiques.
 10397 | D:7      | Got a translucent rapier
 10406 | D:7      | Identified the +4 rapier "Gubesasch" {flame, +Blink rC+ rN+ Int-3} (You found it on level 7 of the Dungeon)
 11555 | D:8      | Found Foydeawk's Food Shoppe.
 11742 | D:8      | Noticed Joseph
 11764 | D:8      | Killed Joseph
 12229 | D:4      | Slain by a two-headed ogre

Skill      XL: |  1  2  3  4  5  6  7  8  9 |
---------------+----------------------------+-----
Earth Magic    | 5 6 7 8 10 11 13 | 13.1
Spellcasting   | 2 4 5 |  5.1
Invocations    | 2 9 |  9.6
Evocations     | 5 |  5.0
Dodging        | |  2.1
Stealth        | |  2.4
Transmutations | |  0.8

Action                   |  1- 3 |  4- 6 |  7- 9 || total
-------------------------+-------+-------+-------++-------
Melee: Unarmed           |     1 |       |     2 ||     3
       Spear             |    31 |    48 |   173 ||   252
       Staff             |       |       |    14 ||    14
 Cast: Sandblast         |    51 |    74 |    36 ||   161
       Stone Arrow       |     1 |    10 |   112 ||   123
Invok: Lesser Healing    |       |       |    12 ||    12
 Abil: Heal Wounds       |       |     2 |     7 ||     9
Evoke: Wand              |       |       |     2 ||     2
       Crystal ball of e |       |       |     1 ||     1
  Use: Scroll            |       |     3 |     7 ||    10
       Potion            |       |       |     2 ||     2
 Stab: Sleeping          |     4 |     1 |     1 ||     6
  Eat: Chunk             |     7 |     9 |    16 ||    32
       Bread ration      |       |     1 |     3 ||     4
Armor: Robe              |     4 |    16 |       ||    20
       Leather armour    |       |    19 |    73 ||    92
       Ring mail         |       |       |     3 ||     3
Dodge: Dodged            |    22 |    99 |   144 ||   265
